 Dungeon Crawl Stone Soup version 0.27.1-34-g3ba077fa99 (webtiles) character file.

Game seed: 2213352920122883261

172 Vylera the Charlatan (level 5, -1/41 HPs)
             Began as a Formicid Artificer on Jan 2, 2022.
             Slain by Crazy Yiuf (15 damage)
             ... on level 3 of the Dungeon.
             The game lasted 00:09:21 (2303 turns).

Vylera the Charlatan (Formicid Artificer)           Turns: 2303, Time: 00:09:21

Health: -1/41      AC:  4    Str: 17    XL:     5   Next: 82%
Magic:  5/5        EV: 11    Int: 11    God:
Gold:   118        SH:  0    Dex: 11    Spells: 4/4 levels left

rFire    . . .     SeeInvis +   k - +0 flail
rCold    . . .     Faith    .   (no shield)
rNeg     . . .     Spirit   .   b - +0 leather armour
rPois    .         Reflect  .   (helmet unavailable)
rElec    .         Harm     .   g - +0 cloak
rCorr    .         Rampage  .   (no gloves)
Will     .....                  (no boots)
Stlth    ++........             (no amulet)
HPRegen  0.13/turn              (no ring)
MPRegen  0.09/turn              (no ring)

@: no status effects
A: permanent stasis, dig shafts and tunnels, antennae 3, four strong arms
a: Dig, Shaft Self


You were on level 3 of the Dungeon.
You visited 1 branch of the dungeon, and saw 3 of its levels.

You collected 118 gold pieces.

Inventory:

Hand Weapons
 a - a +0 club
 i - a +1 short sword
 k - a +0 flail (weapon)
Missiles
 l - 20 poisoned darts
 o - 23 sling bullets
Armour
 b - a +0 leather armour (worn)
 g - a +0 cloak (worn)
Jewellery
 h - a ring of ice
Wands
 d - a wand of charming (15)
Scrolls
 f - a scroll of identify {unknown}
 j - 2 scrolls of fear {unknown}
 n - a scroll of blinking
Potions
 m - a potion of curing {unknown}
Miscellaneous
 e - a piece from Xom's chessboard (14/15) (quivered)


   Skills:
 + Level 3.3 Fighting
 + Level 2.1 Armour
 - Level 0.8 Dodging
 - Level 4.0 Stealth
 - Level 4.6 Evocations


You had 4 spell levels left.
You didn't know any spells.
Your spell library contained the following spells:

 Spells                   Type           Power      Damage    Failure   Level
 Passwall                 Tmut/Erth      0%         N/A       54%         2
 Fireball                 Conj/Fire      0%         3d3       100%        5
 Dispersal                Tloc           0%         N/A       100%        6
 Invisibility             Hex            0%         N/A       100%        6
 Starburst                Conj/Fire      0%         6d3       100%        6
 Disjunction              Tloc           0%         N/A       100%        8
 Ignition                 Fire           0%         3d3       100%        8
 Swiftness                Air            Unusable   N/A       N/A         3

Dungeon Overview and Level Annotations

Branches:
Dungeon (3/15)

Altars:

Annotations:
D:3 Crazy Yiuf, Sigmund


Innate Abilities, Weirdness & Mutations

You cannot be hasted, slowed, berserked, paralysed or teleported.
You can dig through walls and to a lower floor.
You have a pair of large antennae on your head. (SInv)
Your four strong arms can wield two-handed weapons with a shield.


Message History

Aim: Crazy Yiuf, wielding a +3 quarterstaff of chaos and wearing a +1 cloak (moderately wounded, about 44% to evade your +0 flail)
Your weapon can't reach that far!
Okay, then.
Non-targeted evoke: piece from Xom's chessboard (15/15)
Press: ? - help, Q - select action, (/) - cycle Dir - look around, f - activate Look: Crazy Yiuf, wielding a +3 quarterstaff of chaos and wearing a +1 cloak (moderately wounded)
You make a move on Xom's chessboard...
Crazy Yiuf flickers and vanishes for a moment.
Crazy Yiuf whimpers, "Liver!
Cake testudinal light."
You hit Crazy Yiuf but do no damage.
Crazy Yiuf is moderately wounded.
Crazy Yiuf laughs, "Defame!
Iron blue cloud."
Crazy Yiuf hits you with a +3 quarterstaff of chaos!
Crazy Yiuf freezes you.
Crazy Yiuf says, "Prologue!"
Crazy Yiuf barely misses you.
Hit: k) +0 flail
Press: ? - help, Dir - move target, f/p - Crazy Yiuf
Aim: Crazy Yiuf, wielding a +3 quarterstaff of chaos and wearing a +1 cloak (moderately wounded, slightly transparent, about 44% to evade your +0 flail)
You barely miss Crazy Yiuf.
Crazy Yiuf is moderately wounded.
Crazy Yiuf barely misses you.
Hit: k) +0 flail
Press: ? - help, Dir - move target, f/p - Crazy Yiuf
Aim: Crazy Yiuf, wielding a +3 quarterstaff of chaos and wearing a +1 cloak (moderately wounded, slightly transparent, about 44% to evade your +0 flail)
You hit Crazy Yiuf but do no damage.
Crazy Yiuf is moderately wounded.
Crazy Yiuf laughs, "Orb leg pontify!"
Crazy Yiuf hits you with a +3 quarterstaff of chaos!
Unknown command.
You hit Crazy Yiuf.
Crazy Yiuf is heavily wounded.
Crazy Yiuf says, "Rot poople forty-two!"
Crazy Yiuf completely misses you.
Crazy Yiuf laughs, "Tosser!"
Crazy Yiuf hits you with a +3 quarterstaff of chaos.
You hit Crazy Yiuf but do no damage.
Crazy Yiuf is heavily wounded.
Crazy Yiuf hits you with a +3 quarterstaff of chaos!
You die...

.. ##..#. #@ ...#.
##..#. #..#. ##.#.
######## #.#. ###
###.#....## #...
#...##..#......## #...
#...g@####PP....###...
#)..### ##P..........
### ##########.. #.>
### {


You could see Crazy Yiuf (invisible).

Vanquished Creatures
  An orc priest (D:3)
  Terence (D:2)
  Natasha (thrice) (D:2)
  An adder (D:2)
  3 orcs (D:3)
  6 ball pythons
  4 endoplasms
  3 giant cockroaches
  2 goblins
  A hobgoblin (D:1)
  3 bats (D:1)
  2 frilled lizards
  2 kobolds
  4 rats
36 creatures vanquished.

Notes
Turn   | Place    | Note
-------+----------+-------------------------------------------
     0 | D:1      | Vylera the Formicid Artificer began the quest for the Orb.
     0 | D:1      | Reached XP level 1. HP: 15/15 MP: 1/1
   272 | D:1      | Reached XP level 2. HP: 20/21 MP: 2/2
   402 | D:1      | Found a faded altar of an unknown god.
   634 | D:2      | Noticed Terence
   677 | D:2      | Reached XP level 3. HP: 9/27 MP: 3/3
   689 | D:2      | Killed Terence
   690 | D:2      | Reached XP level 4. HP: 15/34 MP: 4/4
  1101 | D:2      | Noticed Natasha
  1106 | D:2      | Killed Natasha
  1120 | D:2      | Noticed Natasha
  1133 | D:2      | Killed Natasha
  1134 | D:2      | Reached XP level 5. HP: 15/40 MP: 5/5
  1163 | D:2      | Noticed Natasha
  1188 | D:2      | Killed Natasha
  2198 | D:3      | Noticed Sigmund
  2292 | D:3      | Found a runed translucent door.
  2293 | D:3      | Noticed Crazy Yiuf
  2303 | D:3      | Slain by Crazy Yiuf

Illustrated notes

Levels and vault maps discovered:
D:1:      heliophobic_arrival_dark_side_of_the_moon, layout_rooms,
          hellmonk_ecumenical_altar_blasted, minivault_26
D:2:      layout_rooms, uniq_terence, uniq_natasha
D:3:      layout_basic, uniq_ijyb, uniq_sigmund, uniq_crazy_yiuf_cottage

Skill      XL: |  1  2  3  4  5 |
---------------+----------------+-----
Stealth        | 2 3 4 |  4.0
Fighting       | 2 3 |  3.3
Evocations     | 4 |  4.6
Armour         | |  2.1
Dodging        | |  0.8

Action                   |  1- 3 |  4- 6 || total
-------------------------+-------+-------++-------
Melee: Club              |    17 |       ||    17
       Short sword       |    55 |    60 ||   115
       Flail             |       |     6 ||     6
 Abil: Dig               |       |     1 ||     1
Evoke: Wand              |       |    15 ||    15
       Piece from Xom's  |       |     1 ||     1
  Use: Scroll            |     4 |       ||     4
       Potion            |     2 |       ||     2
 Stab: Sleeping          |     1 |     1 ||     2
Armor: Leather armour    |    31 |    11 ||    42
       Skin              |    38 |     6 ||    44
Dodge: Dodged            |    55 |    42 ||    97
